 Dungeon Crawl Stone Soup version 0.29-a0-993-g4a18f31a58 (webtiles) character file.

Game seed: 12285912170595493385

572 Newt the Twirler (level 7, -2/41 HPs)
             Began as a Gargoyle Monk on Aug 2, 2022.
             Was a Believer of Qazlal.
             Slain by an ogre
             ... wielding a +0 giant club
              (20 damage)
             ... on level 5 of the Dungeon.
             The game lasted 00:10:45 (6107 turns).

Newt the Twirler (Gargoyle Monk)                    Turns: 6107, Time: 00:10:45

Health: -2/41      AC:  8    Str: 23    XL:     7   Next: 34%
Magic:  10/10      EV: 13    Int: 10    God:    Qazlal [**....]
Gold:   168        SH:  2    Dex: 14    Spells: 10/10 levels left

rFire   + . .      SeeInvis .   d - staff of air
rCold   . . .      Faith    .   (no shield)
rNeg    + . .      Spirit   .   l - +1 robe "Wov Ybri" {rElec rF+ Dex+2}
rPois   ∞          Reflect  .   (no helmet)
rElec   +          Harm     .   i - +0 cloak {rCorr}
rCorr   +          Rampage  .   (no gloves)
Will    +....                   (no boots)
Stlth   ++........              (no amulet)
HPRegen 0.13/turn               c - +6 ring of strength
MPRegen 0.12/turn               k - ring of willpower

@: no status effects
A: sickness immunity, AC +4, negative energy resistance 1, electricity
resistance, torment resistance 1, petrification resistance
a: Renounce Religion, Upheaval


You were on level 5 of the Dungeon.
You worshipped Qazlal.
Qazlal was pleased with you.
You visited 2 branches of the dungeon, and saw 6 of its levels.

You collected 168 gold pieces.

Inventory:

Hand Weapons
 a - a +0 mace of venom
Missiles
 r - 4 poisoned darts (quivered)
Armour
 b - a +0 robe
 i - a +0 cloak of preservation (worn)
 l - the +1 robe "Wov Ybri" (worn) {rElec rF+ Dex+2}
   (You found it on level 4 of the Dungeon)

   Dex:       It affects your dexterity (+2).
   rF:        It protects you from fire.
   rElec:     It insulates you from electricity.
 p - a +1 cloak
Magical Staves
 d - a staff of air (weapon)
 g - a staff of cold
Jewellery
 c - a +6 ring of strength (left hand)
 k - a ring of willpower (right hand)
 q - a +6 ring of intelligence
Potions
 e - a potion of degeneration
 f - a potion of flight
 h - a potion of curing
 j - a potion of haste {unknown}
 m - a potion of cancellation {unknown}
 n - a potion of mutation {unknown}


   Skills:
 - Level 3.5 Fighting
 - Level 3.3(4.4) Maces & Flails
 * Level 4.4(4.9) Staves
 + Level 0.4 Throwing
 + Level 3.5 Dodging
 + Level 2.8 Stealth
 * Level 2.3 Spellcasting
 * Level 1.6 Air Magic
 * Level 1.7 Evocations


You had 10 spell levels left.
You didn't know any spells.
Your spell library contained the following spells:

 Spells                   Type           Power      Damage    Failure   Level
 Wereblood                Tmut           1%         N/A       41%         2
 Summon Hydra             Summ           0%         N/A       100%        7
 Sublimation of Blood     Necr           Unusable   N/A       N/A         2

Dungeon Overview and Level Annotations

Branches:
Dungeon (5/15)             Temple (1/1) D:5

Altars:
Ashenzari
Cheibriados
Fedhas
Gozag
Hepliaklqana
Kikubaaqudgha
Makhleb
Nemelex Xobeh
Okawaru
Qazlal
Ru
Trog
Uskayaw
Vehumet
Wu Jian
Xom
Zin
The Shining One

Shops:
D:4 (

Annotations:
D:2 Sigmund


Innate Abilities, Weirdness & Mutations

You are immune to sickness and miasma.
Your stone body is resilient. (AC +4)
You are immune to poison.
You resist negative energy. (rN+)
You are resistant to electric shocks. (rElec)
You are resistant to unholy torment.
You are immune to petrification.


Message History

You hit the gnoll!
You kill the gnoll!
Qazlal accepts your kill.
You start resting.
You feel a strong urge to attack something.
You are no longer berserk.
You are exhausted.
You feel yourself slow down.
You start resting.
Magic restored.
You start resting.
You feel yourself speed up.
You start resting.
You recover from your berserk rage.
You start resting.
HP restored.
An ogre comes into view. It is wielding a +0 giant club.
The ogre shouts!
An ogre is nearby!
You barely miss the ogre.
The ogre hits you with a +0 giant club!!
Ouch! That really hurt!
You barely miss the ogre. You hit the ogre.
The ogre is lightly wounded.
The ogre barely misses you.
You hit the ogre.
The ogre is moderately wounded.
The ogre closely misses you.
You barely miss the ogre.
The ogre is moderately wounded.
You hit the ogre but do no damage.
The ogre is moderately wounded.
You block the ogre's attack.
You hit the ogre.
The ogre is moderately wounded.
You hit the ogre.
The ogre is heavily wounded.
The ogre hits you with a +0 giant club!!
You die...

####......O.....#
#.......##......#
#.####..###.......
###..# .....##
#...)# .....# #
#.##)# ######
#.##.##.#
#.......#
####@#### #.O....#
######.#


You could see an ogre.

Vanquished Creatures
  2 ogres (D:5)
  A kobold brigand (D:4)
  A scorpion (D:5)
  An orc priest (D:4)
  A jelly (D:4)
  Natasha (thrice) (D:3)
  5 gnolls
  2 adders
  A shadow imp (D:5)
  A white imp (D:5)
  5 orcs
  4 endoplasms
  5 giant cockroaches
  8 goblins
  5 hobgoblins
  8 kobolds
  6 ball pythons
  6 bats
  2 frilled lizards (D:4)
  10 rats
77 creatures vanquished.

Vanquished Creatures (others)
  A butterfly (D:5)
  2 fungi (D:2)
  11 plants
14 creatures vanquished.

Grand Total: 91 creatures vanquished

Notes
Turn   | Place    | Note
-------+----------+-------------------------------------------
     0 | D:1      | Newt the Gargoyle Monk began the quest for the Orb.
     0 | D:1      | Reached XP level 1. HP: 14/14 MP: 1/1
   175 | D:1      | Reached XP level 2. HP: 13/19 MP: 2/2
   804 | D:1      | Reached XP level 3. HP: 13/23 MP: 3/3
  1662 | D:2      | Noticed Sigmund
  2003 | D:3      | Noticed Natasha
  2014 | D:3      | Killed Natasha
  2015 | D:3      | Reached skill level 1 in Staves
  2015 | D:3      | Reached XP level 4. HP: 21/28 MP: 4/4
  2042 | D:3      | Noticed Natasha
  2054 | D:3      | Killed Natasha
  2316 | D:3      | Reached skill level 1 in Spellcasting
  2710 | D:3      | Reached XP level 5. HP: 32/32 MP: 6/6
  2711 | D:3      | Noticed Natasha
  2721 | D:3      | Killed Natasha
  2722 | D:3      | Reached skill level 2 in Staves
  2722 | D:3      | Reached skill level 1 in Air Magic
  2722 | D:3      | Reached skill level 1 in Evocations
  3008 | D:4      | Noticed a black bear
  3016 | D:5      | Entered Level 5 of the Dungeon
  3043 | D:4      | Found Rupleidi's Weapon Boutique.
  3079 | D:4      | Identified the +1 robe "Wov Ybri" {rElec rF+ Dex+2}
  3403 | D:4      | Noticed a kobold brigand
  3456 | D:4      | Killed a kobold brigand
  3457 | D:4      | Reached skill level 3 in Staves
  3457 | D:4      | Reached XP level 6. HP: 31/37 MP: 8/8
  3819 | D:4      | Found a sacrificial altar of Ru.
  3949 | D:4      | Found a stormy altar of Qazlal.
  4167 | D:4      | Became a worshipper of Qazlal Stormbringer
  4167 | D:4      | Reached * piety under Qazlal
  4167 | D:4      | Reached ** piety under Qazlal
  4838 | D:5      | Found a staircase to the Ecumenical Temple.
  4846 | Temple   | Entered the Ecumenical Temple
  5862 | D:5      | Reached skill level 4 in Staves
  5862 | D:5      | Reached XP level 7. HP: 29/41 MP: 8/10
  6107 | D:5      | Slain by an ogre

Illustrated notes

Levels and vault maps discovered:
D:1:      minmay_arrival_widening_spiral_wide, layout_loops_ring
D:2:      layout_rooms, serial_glass, glass_columns_b, glass_columns_b,
          dreamdust_ecumenical_altar_hidden_monk_grotto, uniq_terence,
          uniq_crazy_yiuf_cottage, uniq_sigmund
D:3:      layout_loops_ring, st_stairs_1, minmay_splitting_lines,
          lemuel_flame_loot_1, uniq_natasha
D:4:      layout_rooms, mainiacjoe_overflow_catch_the_wave, serial_shops, shop,
          lexackson_kobold_supper
D:5:      layout_loops_cross, tgw_sif, nicolae_elyvilon_peaceful_grove,
          minmay_temple_entry_trees, nicolae_concentric_dashed_squares_wild,
          uniq_menkaure
Temple:   lightli_temple_of_artemis

Skill      XL: |  1  2  3  4  5  6 |
---------------+-------------------+-----
Staves         | 1 3 4 |  4.4
Dodging        | 3 |  3.5
Spellcasting   | 1 2 |  2.3
Air Magic      | 1 |  1.6
Evocations     | 1 |  1.7
Fighting       | |  3.5
Maces & Flails | |  3.3
Throwing       | |  0.4
Stealth        | |  2.8

Action                   |  1- 3 |  4- 6 |  7- 9 || total
-------------------------+-------+-------+-------++-------
Melee: Mace              |    46 |       |       ||    46
       Staff             |    76 |   225 |    19 ||   320
       Punch             |     1 |     5 |       ||     6
Throw: Dart              |       |     4 |       ||     4
       Throwing net      |       |     1 |       ||     1
  Use: Scroll            |     4 |     8 |       ||    12
       Potion            |     5 |     1 |       ||     6
 Stab: Sleeping          |     3 |     1 |       ||     4
       Distracted        |       |     1 |       ||     1
Armor: Robe              |    52 |    79 |       ||   131
Dodge: Dodged            |    86 |   147 |     7 ||   240
Block: Other             |       |     3 |     2 ||     5

Table legend: (Time is in decaauts)
 A = Elapsed time spent in this place.
 B = Non-inter-level travel time spent in this place.
 C = Inter-level travel time spent in this place.
 D = Time resting spent in this place.
 E = Time spent auto-exploring this place.
 F = Levels seen in this place.
 G = Mean time per level.
                   A        B        C        D        E       F      G
               +--------+--------+--------+--------+--------+-----+--------+
         Total |   6139 |   6072 |     67 |   2794 |   2286 |   6 | 1023.2 |
       Dungeon |   5140 |   5073 |     67 |   1845 |   2286 |   5 | 1028.0 |
        Temple |    998 |    998 |      0 |    949 |      0 |   1 |  998.0 |
               +--------+--------+--------+--------+--------+-----+--------+

Top non-repeatable levels by time:
     D:1: 1515 daAuts
     D:3: 1350 daAuts
     D:4: 1120 daAuts
  Temple: 998 daAuts
     D:5: 973 daAuts
     D:2: 180 daAuts
